 Dungeon Crawl Stone Soup version 0.30-a0-373-gd37427bb62 (webtiles) character file.

Game seed: 16154761315208109440

598986 Bnni the Harbinger of Death (level 27, -22/262 HPs)
             Began as a Formicid Fighter on Nov 23, 2022.
             Was an Initiate of Yredelemnul.
             Killed from afar by an orb of fire (31 damage)
             ... with a fireball
             ... on level 5 of the Realm of Zot on Nov 24, 2022.
             The game lasted 03:43:17 (54741 turns).

Bnni the Harbinger of Death (Formicid Fighter)     Turns: 54741, Time: 03:43:18

Health: -22/262    AC: 38    Str: 35    XL:     27
Magic:  7/39       EV: 12    Int: 21    God:    Yredelemnul [......]
Gold:   6708       SH: 21    Dex:  9    Spells: 9/48 levels left

rFire   + + .      SeeInvis +    a - +9 bardiche (freeze)
rCold   + + .      Faith    +    I - +8 kite shield "Yrphuc" {Int+3 SInv}
rNeg    + + .      Spirit   .    F - +10 pearl dragon scales
rPois   +          Reflect  .    (helmet unavailable)
rElec   +          Harm     .    y - +2 cloak {rPois}
rCorr   +          Rampage  ∞    b - +1 pair of gloves
Will    ++...                    G - +3 pair of seven-league boots {Rampage+∞}
Stlth   ..........               X - amulet of Pantheism {Faith rN+}
HPRegen 0.63/turn                V - ring of Xom's Fair Game {rElec rF+ rC+ Int+4 Dex-3}
MPRegen 0.26/turn                A - ring "Xiru" {rF+ rCorr Str+3 Stlth+}

@: resistant, wereblooded, studying Summonings, unable to drink
A: permanent stasis, dig shafts and tunnels, antennae 3, four strong arms,
robust 1, screaming 1, shaggy fur 1, strong 1, wild magic 1, heat vulnerability
1
}: 4/15 runes: barnacled, slimy, abyssal, gossamer
a: Dig, Shaft Self, Renounce Religion, Recall Undead Harvest


You were on level 5 of the Realm of Zot.
You worshipped Yredelemnul.
Yredelemnul was extremely pleased with you.
You visited 10 branches of the dungeon, and saw 51 of its levels.
You visited the Abyss 1 time.
You also visited: Trove, Ice Cave and Desolation.

You collected 8469 gold pieces.
You spent 1761 gold pieces at shops.

Inventory:

Hand Weapons
 a - a +9 bardiche of freezing (weapon)
 e - a +9 vorpal bardiche
Missiles
 r - 30 javelins
 H - 13 silver boomerangs
 M - 5 throwing nets (quivered)
 W - 11 silver javelins
Armour
 b - a +1 pair of gloves (worn)
 c - a +2 tower shield
 y - a +2 cloak of poison resistance (worn)
 F - +10 pearl dragon scales (worn)
 G - the +3 pair of seven-league boots (worn) {Rampage+∞}
   (You acquired it on level 3 of the Spider Nest)

   Its wearer moves as far as possible in that direction when moving towards
   enemies.
 I - the +8 kite shield "Yrphuc" (worn) {Int+3 SInv}
   (You acquired it on level 1 of the Spider Nest)

   Int:       It affects your intelligence (+3).
   SInv:      It lets you see invisible.
 Q - a +2 tower shield
Jewellery
 k - a ring of flight
 v - the amulet "Zewnol" {RegenMP -Tele Regen+ Slay+6}
   (You found it on level 1 of the Elven Halls)

   [amulet of magic regeneration]

   It increases your rate of magic regeneration.
   Slay:      It affects your accuracy & damage with ranged weapons and melee
   (+6).
   -Tele:     It prevents most forms of teleportation.
   Regen:     It increases your rate of health regeneration.
 A - the ring "Xiru" (right hand) {rF+ rCorr Str+3 Stlth+}
   (You found it in a treasure trove)

   [ring of resist corrosion]

   Str:       It affects your strength (+3).
   rF:        It protects you from fire.
   rCorr:     It protects you from acid and corrosion.
   Stlth:     It makes you more stealthy.
 J - the ring "Citylola" {Will+ Str+6 Slay+3}
   (You found it in the Desolation of Salt)

   [ring of willpower]

   Str:       It affects your strength (+6).
   Slay:      It affects your accuracy & damage with ranged weapons and melee
   (+3).
   Will:      It increases your willpower.
 V - the ring of Xom's Fair Game (left hand) {rElec rF+ rC+ Int+4 Dex-3}
   (You found it in the Desolation of Salt)

   [ring of protection from cold]

   Int:       It affects your intelligence (+4).
   Dex:       It affects your dexterity (-3).
   rF:        It protects you from fire.
   rC:        It protects you from cold.
   rElec:     It insulates you from electricity.
 X - the amulet of Pantheism (around neck) {Faith rN+}
   (You found it on level 5 of the Pits of Slime)

   [amulet of faith]

   It allows you to gain divine favour quickly.
   rN:        It protects you from negative energy.
 Y - the ring "Innydirr" {rN++ Str+6}
   (You found it on level 5 of the Pits of Slime)

   [ring of strength]

   Str:       It affects your strength (+6).
   rN:        It greatly protects you from negative energy.
Wands
 q - a wand of digging (36)
 t - a wand of mindburst (17)
 w - a wand of iceblast (40)
 x - a wand of light (27)
Scrolls
 d - 13 scrolls of immolation
 g - 9 scrolls of vulnerability
 l - a scroll of brand weapon
 n - 10 scrolls of magic mapping
 s - 4 scrolls of silence
 u - 6 scrolls of fog
 B - 9 scrolls of enchant armour
 E - 11 scrolls of amnesia
 L - 4 scrolls of fear
 U - 6 scrolls of poison
Potions
 f - 8 potions of flight
 h - a potion of invisibility
 i - 8 potions of lignification
 j - 7 potions of curing
 o - 7 potions of mutation
 p - 5 potions of cancellation
 z - 7 potions of ambrosia
 D - 2 potions of magic
 K - 6 potions of heal wounds
 N - 3 potions of might
 T - 8 potions of attraction
 Z - 4 potions of resistance
Miscellaneous
 O - a phantom mirror (inert)


   Skills:
 + Level 24.3 Fighting
 - Level 24.0 Polearms
 - Level 15.0 Armour
 + Level 9.1 Dodging
 + Level 17.1 Shields
 + Level 11.0 Spellcasting
 - Level 7.0 Conjurations
 - Level 8.0 Hexes
 - Level 10.0 Translocations
 + Level 14.7 Transmutations
 - Level 4.0 Air Magic
 + Level 9.4 Poison Magic
 * Level 25.5 Invocations


You had 9 spell levels left.
You knew the following spells:

 Your Spells              Type           Power      Damage    Failure   Level
a - Lesser Beckoning      Tloc           100%       N/A       1%          3
b - Wereblood             Tmut           76%        N/A       1%          2
c - Ignite Poison         Fire/Tmut/Pois 56%        N/A       3%          3
d - Vhi's Electric Charg  Tloc/Air       100%       N/A       4%          3
e - Passage of Golubria   Tloc           62%        N/A       4%          4
f - Manifold Assault      Tloc           62%        N/A       4%          4
g - Eringya's Noxious Bo  Tmut/Pois      34%        N/A       22%         6
h - Iskenderun's Mystic   Conj/Tloc      57%        2d12      7%          4
i - Yara's Violent Unrav  Hex/Tmut       33%        3d14      6%          5
j - Irradiate             Conj/Tmut      32%        3d22      8%          5

Your spell library contained the following spells:

 Spells                   Type           Power      Damage    Failure   Level
 Beastly Appendage        Tmut           100%       N/A       1%          1
 Gell's Gravitas          Tloc           62%        N/A       1%          3
 Spider Form              Tmut/Pois      69%        N/A       1%          3
 Teleport Other           Tloc           62%        N/A       1%          3
 Blade Hands              Tmut           38%        N/A       1%          5
 Passwall                 Tmut/Erth      44%        N/A       2%          2
 Poisonous Vapours        Pois/Air       100%       N/A       2%          2
 Portal Projectile        Hex/Tloc       100%       N/A       2%          3
 Shock                    Conj/Air       100%       1d9       3%          1
 Dazzling Flash           Conj/Hex       100%       N/A       3%          3
 Tukima's Dance           Hex            56%        N/A       3%          3
 Static Discharge         Conj/Air       90%        2-6/arc   4%          2
 Mephitic Cloud           Conj/Pois/Air  51%        N/A       4%          3
 Kiss of Death            Conj/Necr      100%       2d13      5%          1
 Cigotuvi's Dreadful Rot  Necr/Pois/Air  78%        N/A       6%          2
 Cause Fear               Hex            28%        N/A       9%          4
 Kindle Blastsparks       Fire/Tloc/Air  80%        2d16      10%         3
 Fulminant Prism          Conj/Hex       27%        3d14      10%         4
 Inner Flame              Hex/Fire       36%        N/A       13%         3
 Summon Guardian Golem    Hex/Summ       36%        N/A       13%         3
 Hailstorm                Conj/Ice       34%        3d9       14%         3
 Stone Arrow              Conj/Erth      68%        3d11      14%         3
 Freeze                   Ice            60%        1d7       21%         1
 Sandblast                Erth           30%        2d9       21%         1
 Summon Small Mammal      Summ           60%        N/A       21%         1
 Scorch                   Fire           30%        2d6       30%         2
 Sublimation of Blood     Necr           15%        N/A       30%         2
 Airstrike                Air            18%        2d(3-19)  34%         4
 Leda's Liquefaction      Hex/Erth       18%        N/A       34%         4
 Dragon Form              Tmut           38%        N/A       36%         7
 Flame Wave               Conj/Fire      34%        2d10      41%         4
 Sticky Flame             Conj/Fire      34%        2d5       41%         4
 Silence                  Hex/Air        23%        N/A       41%         5
 Dispersal                Tloc           31%        N/A       43%         6
 Call Canine Familiar     Summ           15%        N/A       47%         3
 Frozen Ramparts          Ice            30%        1d5       47%         3
 Ozocubu's Armour         Ice            15%        N/A       47%         3
 Arcjolt                  Conj/Air       22%        1d32      47%         5
 Lightning Bolt           Conj/Air       22%        1d38      47%         5
 Metabolic Englaciation   Hex/Ice        18%        N/A       67%         5
 Summon Mana Viper        Hex/Summ       36%        N/A       67%         5
 Freezing Cloud           Conj/Ice/Air   17%        6-21      73%         5
 Animate Armour           Summ/Erth      30%        N/A       86%         4
 Dispel Undead            Necr           15%        3d10      86%         4
 Borgnjor's Vile Clutch   Necr/Erth      7%         N/A       99%         5
 Lee's Rapid Deconstruct  Erth           7%         3d7*      99%         5
 Iron Shot                Conj/Erth      17%        9d4       99%         6
 Starburst                Conj/Fire      17%        6d6       99%         6
 Summon Cactus Giant      Summ           7%         N/A       100%        6
 Haunt                    Necr/Summ      7%         N/A       100%        7
 Malign Gateway           Summ/Tloc      21%        N/A       100%        7
 Monstrous Menagerie      Summ           7%         N/A       100%        7
 Orb of Destruction       Conj           26%        9d9       100%        7
 Ozocubu's Refrigeration  Ice            7%         4d9       100%        7
 Spellforged Servitor     Conj/Summ      17%        N/A       100%        7
 Summon Hydra             Summ           7%         N/A       100%        7
 Disjunction              Tloc           31%        N/A       100%        8
 Infestation              Necr           7%         N/A       100%        8
 Lehudib's Crystal Spear  Conj/Erth      17%        10d5      100%        8
 Maxwell's Capacitive Co  Air            18%        ∞         100%        8
 Summon Horrible Things   Summ           7%         N/A       100%        8
 Dragon's Call            Summ           7%         N/A       100%        9
 Fire Storm               Conj/Fire      17%        8d4       100%        9
 Polar Vortex             Ice            7%         N/A       100%        9
 Swiftness                Air            Unusable   N/A       N/A         3
 Animate Dead             Necr           Unusable   N/A       N/A         4
 Death Channel            Necr           Unusable   N/A       N/A         6
 Simulacrum               Ice/Necr       Unusable   N/A       N/A         6

Dungeon Overview and Level Annotations

Branches:
Dungeon (15/15)            Temple (0/1) D:4            Lair (5/5) D:10
 Shoals (4/4) Lair:2       Spider (4/4) Lair:2        Slime (5/5) Lair:4
    Orc (2/2) D:10            Elf (3/3) Orc:2        Vaults (4/5) D:13
 Depths (4/4) D:15            Zot (5/5) Depths:4      IceCv (visited)
Desolation (visited)
  Crypt: Vaults:2-3

Altars:
Fedhas
Gozag
Kikubaaqudgha
Makhleb
Qazlal
Sif Muna
Trog
Wu Jian
Yredelemnul
Zin
Jiyva

Shops:
D:4 [   D:9 *(   D:11 ?   D:12 ?   Orc:2 (*[=   Elf:2 *(   Shoals:2 *![
Depths:1 [   Depths:3 *   Depths:4 *

Portals:
Hell: Depths:1 Depths:2 Depths:3 Depths:4
Abyss: Depths:3 Depths:4
Pandemonium: Depths:2
Ziggurat: Depths:3

Annotations:
D:13 2 runed translucent doors
Zot:4 3 transporters


Innate Abilities, Weirdness & Mutations

You cannot be hasted, slowed, berserked, paralysed or teleported.
You can dig through walls and to a lower floor.
You have a pair of large antennae on your head. (SInv)
Your four strong arms can wield two-handed weapons with a shield.
You are robust. (+10% HP)
You occasionally shout uncontrollably at your foes.
You are covered in fur. (AC +1)
Your muscles are strong. (Str +4, Int/Dex -1)
Your spells are a little harder to cast, but a little more powerful.
You are vulnerable to heat. (rF-)


Message History

Throw: 5 throwing nets
Press: ? - help, Q - select action, (/) - cycle Shift-Dir - straight line, f - orb of fire
Aim: an orb of fire (black smoke, 39% to hit, immune to nets)
Okay, then.
Okay, then.
Press: ? - help, v - describe, . - travel
Here: an orb of fire (black smoke)
The floor.
Unknown command.
Unknown command.
Casting: Wereblood (safe; 1% risk of failure)
Confirm with . or Enter, or press ? or * to list all spells.
You erupt in a blast of force!
The mystic blast hits the electric golem.
The electric golem is heavily damaged.
The electric golem is knocked back by the mystic blast.
The mystic blast hits the Orb Guardian!
The Orb Guardian is lightly wounded.
The Orb Guardian is knocked back by the mystic blast.
The Orb Guardian collides with something!
The mystic blast hits the orb of fire.
The orb of fire is lightly damaged.
The orb of fire is knocked back by the mystic blast.
The Killer Klown's magic is no longer disrupted.
The electric golem's magic is no longer disrupted.
The Orb Guardian is engulfed in poison gas.
The Orb Guardian is poisoned.
Casting: Iskenderun's Mystic Blast (mildly dangerous; 7% risk of failure)
Confirm with . or Enter, or press ? or * to list all spells.
Charge where?
Press: ? - help, Dir - move target, f - ancient lich
Aim: an ancient lich (black smoke, fast)
You charge forward with an electric crackle!
You slice the ancient lich!! You freeze the ancient lich.
The ancient lich is lightly damaged.
The ancient lich touches you but does no damage.
The orb of fire glows red.
The fireball explodes!
The fireball engulfs you!! You resist.
You die...
Your body rises from the dead as a mindless zombie.

........... .....[.... .........
......X. ....... ....). {
.....##▓▓▓▓▓▓▓▓▓▓▓#
.........p.{9X*§§§###
...).....X{§pX##@L§.##
..).......(.p{{###§..###########.
...........○○§{.###..........^...
....)......{○☼..# ##.............
.........^.$....# #.L...........
............p...# ##Z..........#
................# #...........#
....^......(....# ##.....[.....#
..^.....^......## #.............


You could see an orb of fire and an ancient lich (fast).

Vanquished Creatures
  2 ancient liches (Zot:5)
  4 orbs of fire
  A juggernaut (Depths:3)
  Josephina (Zot:3)
  Frederick (Vaults:2)
  Vv (Depths:2)
  2 Killer Klowns (Zot:5)
  2 curse toes
  7 golden dragons
  3 bone dragons
  Jory (Vaults:3)
  17 tentacled monstrosities
  A walking crystal tome (Depths:3)
  15 Orb Guardians (Zot:5)
  2 deep elf blademasters
  A walking frostbound tome (Depths:2)
  A walking earthen tome (Depths:2)
  4 quicksilver dragons
  2 liches (Depths:3)
  The ghost of Roricw the Warrior, an adept MiBe of Trog (Shoals:1)
  2 deep elf master archers (Elf:3)
  6 death cobs
  7 acid blobs
  4 tentacled starspawn (Abyss:3)
  2 krakens
  The ghost of Jemet the Peltast, an adept DDFi of Makhleb (Shoals:1)
  5 tengu reavers
  23 storm dragons
  Ilsuiw (Shoals:3)
  5 azure jellies
  The ghost of fly the Blocker, an adept DrDe of the Shining One (Spider:1)
  A daeva (Abyss:3)
  8 shadow dragons
  3 rockslimes (Slime:5)
  5 draconian monks
  Donald (Vaults:3)
  5 fire giants
  2 draconian knights (Depths:4)
  A balrug (Depths:2)
  5 frost giants
  5 emperor scorpions
  8 vault wardens
  An imperial myrmidon (Desolation)
  5 deep elf sorcerers
  6 draconian scorchers
  3 draconian stormcallers
  3 caustic shrike zombies (Depths:4)
  A deep elf elementalist (Elf:3)
  6 ghost moths
  Aizul (Shoals:3)
  2 draconian annihilators (Zot:3)
  8 ironbound preservers
  2 juggernaut zombies (Depths:4)
  2 spriggan defenders (Depths:4)
  3 draconian shifters
  10 quicksilver oozes
  An orc warlord (Orc:2)
  A vampire knight (Depths:2)
  9 very ugly things
  A caustic shrike skeleton (Abyss:3)
  5 ironbound thunderhulks
  A war gargoyle (Vaults:3)
  5 green draconians
  9 stone giants
  10 deep elf demonologists
  3 halazid warlocks (Desolation)
  6 purple draconians
  42 starcursed masses (Abyss:3)
  15 black draconians
  6 deep elf annihilators
  16 dire elephants
  11 red draconians
  6 white draconians
  7 spark wasps
  14 yellow draconians
  8 deep elf death magi
  Snorg (Orc:2)
  4 merfolk javelineers
  10 ettins
  2 crystal guardians (Desolation)
  4 fire dragons
  4 merfolk impalers (Shoals:4)
  3 elf zombies
  2 entropy weavers
  3 spriggan zombies (Depths:4)
  5 yaktaur captains
  3 ice dragons
  A shambling mangrove (Abyss:3)
  A green death (Abyss:3)
  7 peacekeepers
  4 deep elf high priests
  5 ragged hierophants (Desolation)
  3 great orbs of eyes
  Harold (D:11)
  4 centaur warriors
  4 rakshasas
  5 vault guards
  2 jorogumos
  3 merfolk avatars
  7 servants of whispers (Desolation)
  A ghost crab (Abyss:3)
  2 hydras
  4 spriggan air magi
  5 boulder beetles
  Erica (D:10)
  2 catoblepae
  2 radroaches (Spider:1)
  2 death knights (Vaults:3)
  3 ironbound frosthearts
  28 dancing weapons
  6 tengu warriors
  4 two-headed ogres
  4 merfolk aquamancers
  2 satyrs (Shoals:4)
  4 deep troll shamans
  3 death yaks (Lair:3)
  2 orc high priests
  2 thrashing horrors (Abyss:3)
  2 spriggan berserkers
  7 deep troll earth magi
  23 deep elf knights
  2 titan zombies (Depths:4)
  Urug (D:11)
  4 wretched stars (Abyss:3)
  3 hell knights (Depths:4)
  11 iron trolls
  3 storm dragon zombies (Depths:4)
  2 pharaoh ants
  3 skeletal warriors (D:12)
  A sixfirhy (Abyss:3)
  6 sea snakes
  4 steelbarb worms
  4 golden dragon zombies (Depths:4)
  23 deep trolls
  3 orb spiders (Spider:4)
  3 tengu zombies (Depths:4)
  5 lindwurms
  3 flayed ghosts
  2 glowing orange brains
  8 wizards
  16 ironbound convokers
  An orange crystal statue (Spider:1)
  10 deep elf archers
  2 shadow dragon zombies (Depths:4)
  26 deep elf pyromancers
  20 deep elf zephyrmancers
  4 orc knights
  11 harpies
  2 iron dragon zombies (Depths:4)
  7 necromancers
  A stone giant zombie (Vaults:2)
  An oklob plant (Spider:1)
  A sphinx skeleton (Vaults:2)
  11 cyclopes
  A mana viper (Abyss:3)
  18 wolf spiders
  4 orc sorcerers
  5 shining eyes
  A salamander (Depths:4)
  2 fauns (Shoals:4)
  5 spectral elves (Elf:3)
  9 manticores
  A frost giant zombie (Vaults:4)
  37 ugly things
  A will-o-the-wisp (Abyss:3)
  6 merfolk sirens
  22 moths of wrath
  A human skeleton (Vaults:1)
  8 elephants
  A stone giant skeleton (Vaults:4)
  3 black mambas
  2 apocalypse crabs (Abyss:3)
  A molten gargoyle (Desolation)
  3 cane toads
  2 ice statues (IceCv)
  3 water nymphs
  4 torpor snails
  A gargoyle (D:12)
  2 guardian serpents (Desolation)
  3 orange demons
  5 demonic crawlers
  9 vault sentinels
  Maggie (D:7)
  7 smoke demons (Abyss:3)
  3 rime drakes
  3 kobold demonologists
  9 komodo dragons
  24 yaktaurs
  2 efreet
  2 tengu conjurers
  An ice devil (Depths:2)
  2 polar bears
  A hellwing (Abyss:3)
  3 trolls
  8 ancient zymes (Abyss:3)
  15 merfolk
  A polar bear (shapeshifter) (Elf:1)
  A queen bee (shapeshifter) (Depths:3)
  20 large abominations (Abyss:3)
  The ghost of flt the Changer, an amateur DgTm (D:4)
  11 meliai
  4 wind drakes
  49 saltlings
  A tyrant leech (shapeshifter) (D:14)
  9 hornets
  A tarantella zombie (Spider:1)
  11 tarantellas
  52 slime creatures
  8 dream sheep
  7 blink frogs
  A draconian simulacrum (Zot:3)
  9 raiju (Abyss:3)
  25 jumping spiders
  5 snapping turtles
  Sigmund (D:2)
  4 flying skulls (Abyss:3)
  5 air elementals
  10 culicivoras
  A centaur simulacrum (D:14)
  A vampire (Abyss:3)
  A shadow (D:13)
  26 yaks
  4 fire bats (Abyss:3)
  6 wraiths
  7 water elementals
  Eustachio (D:5)
  A human (shapeshifter) (D:14)
  Grum (D:9)
  9 wyverns
  5 basilisks
  6 chaos spawn
  5 neqoxecs (Abyss:3)
  An elf skeleton (Vaults:2)
  A white draconian simulacrum (Zot:3)
  2 steam dragons (Lair:5)
  10 vampire mosquitoes
  12 humans (D:13)
  27 redbacks
  A red draconian simulacrum (Zot:3)
  A green draconian simulacrum (Zot:3)
  8 wargs
  2 acid dragons
  13 water moccasins
  A moth of wrath simulacrum (Zot:3)
  An ogre skeleton (Vaults:1)
  A meliai simulacrum (D:14)
  4 ice beasts (D:10)
  A great orb of eyes simulacrum (IceCv)
  23 orc warriors
  11 small abominations (Abyss:3)
  13 ogres
  12 wolves
  5 boggarts
  13 centaurs
  A phantom (D:5)
  3 kobold brigands
  3 scorpions
  7 bullfrogs
  2 necrophages
  2 earth elementals
  A glowing shapeshifter simulacrum (IceCv)
  7 wights
  A human simulacrum (Vaults:4)
  10 killer bees
  6 howler monkeys
  A gnoll bouda (D:6)
  4 orc priests
  3 hounds
  A jelly (Lair:4)
  5 iguanas
  16 orc wizards
  4 shapeshifter simulacra (IceCv)
  9 adders
  16 gnolls
  8 white imps
  An ufetubus (Abyss:3)
  3 worms
  2 dart slugs
  42 orcs
  5 bats
  9 endoplasms
  3 giant cockroaches
  8 goblins
  7 hobgoblins
  7 jackals
  3 quokkas
  10 ball pythons
  5 frilled lizards
  18 kobolds
  6 rats
  7 tentacles
1760 creatures vanquished.

Vanquished Creatures (collateral kills)
  the Royal Jelly (Slime:5)
  2 Killer Klowns (Zot:5)
  A curse toe (Zot:2)
  4 golden dragons
  6 tentacled monstrosities
  A lich (Depths:3)
  4 Orb Guardians (Zot:5)
  A deep elf blademaster (Elf:3)
  A walking divine tome (Depths:2)
  3 death cobs
  10 acid blobs (Slime:5)
  4 shadow dragons
  3 rockslimes (Slime:5)
  The ghost of Zetag the Bludgeoner, an adept DsFi of Ru (Shoals:1)
  6 azure jellies (Slime:5)
  The ghost of Inejuzaq the Warrior, a journeyman DsFi of Makhleb (Shoals:1)
  A fire giant (Depths:3)
  An emperor scorpion (Spider:3)
  3 frost giants
  An iron dragon (Depths:3)
  3 draconian scorchers
  A ghost moth (Spider:3)
  An ironbound preserver (Vaults:1)
  3 very ugly things
  A deep elf elementalist (Elf:3)
  3 ironbound thunderhulks
  10 quicksilver oozes
  A draconian stormcaller (Zot:2)
  A stone giant (Depths:3)
  A war gargoyle (Vaults:4)
  5 green draconians
  2 deep elf demonologists
  4 black draconians
  2 deep elf annihilators (Elf:3)
  3 yellow draconians
  A purple draconian (Zot:1)
  3 white draconians
  4 spark wasps
  A red draconian (Zot:1)
  5 merfolk impalers
  A mummy priest (Elf:1)
  A fire dragon (Depths:3)
  4 merfolk javelineers
  3 ragged hierophants (Desolation)
  A spriggan zombie (Depths:4)
  2 great orbs of eyes
  An entropy weaver (Spider:1)
  A vault guard (Vaults:4)
  A peacekeeper (Desolation)
  A merfolk avatar (Shoals:4)
  An ice dragon (Depths:2)
  2 jorogumos
  A centaur warrior (D:14)
  2 hydras (D:15)
  A radroach (Spider:1)
  2 boulder beetles
  A merfolk aquamancer (Shoals:1)
  An ironbound frostheart (Vaults:1)
  A two-headed ogre (Orc:2)
  5 dancing weapons
  A spectral broodmother (Spider:1)
  5 deep troll earth magi
  A thrashing horror (Abyss:3)
  2 orc high priests (Elf:1)
  A fire crab (Abyss:3)
  4 deep elf knights
  An iron troll (Depths:2)
  A spriggan rider (Depths:4)
  2 shadow demons (Elf:1)
  4 sea snakes
  A sixfirhy (Abyss:3)
  2 skeletal warriors
  A steelbarb worm (Spider:2)
  A spriggan simulacrum (Abyss:3)
  11 deep trolls
  A glowing orange brain (Vaults:1)
  3 orb spiders
  3 deep elf archers
  An orange crystal statue (D:13)
  4 ironbound convokers
  5 deep elf pyromancers
  A shadow dragon zombie (Depths:4)
  An orc knight (Orc:2)
  11 harpies
  2 jorogumo zombies
  6 deep elf zephyrmancers
  3 shining eyes (Slime:5)
  An orc sorcerer (Orc:2)
  5 wolf spiders
  6 manticores
  8 moths of wrath
  6 elephants
  15 ugly things
  A human skeleton (Vaults:1)
  4 merfolk sirens
  An apocalypse crab (Abyss:3)
  A guardian serpent (Desolation)
  3 vault sentinels
  A naga zombie (Abyss:3)
  3 water nymphs
  An elf zombie (Vaults:4)
  3 cane toads
  2 eyes of devastation
  10 yaktaurs
  A komodo dragon (Lair:5)
  A kobold demonologist (Abyss:3)
  A rime drake (Lair:2)
  A redback zombie (Spider:1)
  A hellwing (Depths:2)
  3 demonic crawlers
  A freezing wraith (Abyss:3)
  A polar bear (Lair:4)
  2 trolls
  3 wind drakes
  A demonic crawler zombie (Spider:1)
  20 merfolk
  A meliai (Spider:1)
  8 tarantellas
  33 slime creatures
  3 large abominations (Abyss:3)
  12 saltlings (Desolation)
  Grinder (D:4)
  2 hornets (Spider:4)
  3 raiju (Abyss:3)
  2 snapping turtles
  8 dream sheep
  A jumping spider zombie (Spider:2)
  A fire dragon zombie (Depths:3)
  An air elemental (Elf:1)
  A shadow (D:12)
  13 culicivoras
  An ettin skeleton (Vaults:2)
  A spriggan (Depths:4)
  11 jumping spiders
  9 water elementals
  14 yaks
  A wraith (D:11)
  A wyvern (Lair:5)
  2 basilisks (Lair:2)
  8 humans (D:13)
  14 redbacks
  A warg (Orc:2)
  3 water moccasins
  A merfolk zombie (Shoals:4)
  2 ice beasts
  7 orc warriors
  A sky beast (D:8)
  2 great orb of eyes simulacra (IceCv)
  A boggart (Elf:1)
  3 ogres (D:12)
  2 wolves (Lair:2)
  A small abomination (Abyss:3)
  3 bullfrogs
  A kobold brigand (D:10)
  2 earth elementals (Elf:2)
  A glowing shapeshifter simulacrum (IceCv)
  A wight (D:6)
  A raiju zombie (Abyss:3)
  2 killer bees
  An electric eel (Spider:4)
  A crimson imp (Abyss:3)
  4 starcursed masses (Abyss:3)
  An orc priest (Orc:2)
  A gnoll bouda (Lair:1)
  An iron imp (Abyss:3)
  3 orc wizards
  A shadow imp (Abyss:3)
  8 white imps (D:12)
  An ufetubus (Abyss:3)
  A dart slug (D:1)
  17 orcs
  5 endoplasms (Lair:4)
  A hobgoblin (D:4)
  A ball python (D:4)
  7 kobolds
  A fungus (Lair:2)
  4 pillars of salt (Orc:2)
  A tentacle (Shoals:2)
576 creatures vanquished.

Vanquished Creatures (others)
  An orb of fire (Zot:2)
  2 quicksilver dragons
  A spectral tengu (Depths:2)
  8 spectral tentacled monstrosities
  A spectral draconian (Zot:3)
  2 Killer Klown zombies (Zot:5)
  A spectral quicksilver dragon (Zot:5)
  A spectral golden dragon (Depths:4)
  A rockslime zombie (Slime:5)
  A yellow draconian (Zot:4)
  A spectral minotaur (Elf:2)
  2 quicksilver dragon zombies
  A very ugly thing zombie (Abyss:3)
  A kraken zombie (Abyss:3)
  4 acid blob zombies
  4 Orb Guardian zombies (Zot:5)
  A spectral spriggan (Zot:1)
  A dancing weapon (Elf:2)
  An azure jelly zombie (Slime:5)
  A spectral balrug (Depths:2)
  A spectral sixfirhy (Abyss:3)
  3 quicksilver ooze zombies
  An emperor scorpion zombie (Spider:4)
  5 storm dragon zombies
  A spectral daeva (Abyss:3)
  2 deep elf knights
  2 golden dragon zombies
  5 spark wasp zombies
  A spectral radroach (Spider:4)
  A ghost moth zombie (Spider:4)
  3 shadow dragon zombies
  6 wolf spider zombies
  11 ugly thing zombies
  A frost giant zombie (Depths:3)
  3 stone giant zombies (Depths:3)
  2 fire giant zombies
  An ugly thing (Vaults:4)
  5 draconian zombies
  A dire elephant zombie (Vaults:1)
  A spectral rakshasa (Depths:2)
  A spectral culicivora (Spider:4)
  2 red draconian zombies
  3 green draconian zombies
  2 sea snake zombies (Shoals:4)
  An iron troll zombie (Depths:3)
  2 steelbarb worm zombies
  A catoblepas zombie (Depths:3)
  3 yellow draconian zombies
  10 redback zombies
  2 spectral glowing orange brains
  4 black draconian zombies
  A white draconian zombie (Zot:3)
  4 purple draconian zombies
  10 harpy zombies
  A hydra zombie (D:15)
  A tarantella (Spider:1)
  A fire dragon zombie (Depths:2)
  A satyr zombie (Shoals:4)
  2 ice dragon zombies (Depths:2)
  9 moth of wrath zombies
  6 culicivora zombies
  3 radroach zombies (Spider:1)
  A guardian serpent zombie (Desolation)
  5 tarantella zombies (Spider:1)
  A saltling (Desolation)
  8 jumping spider zombies
  4 meliai zombies
  An ettin zombie (Abyss:3)
  2 boulder beetle zombies
  2 spriggan zombies (Depths:4)
  2 great orb of eyes zombies
  A black mamba zombie (Lair:4)
  20 slime creature zombies
  A spectral ice devil (Depths:2)
  A wind drake zombie (Shoals:1)
  A spectral orange demon (Depths:2)
  A spectral ogre (D:13)
  A water nymph zombie (Shoals:4)
  3 tengu zombies
  8 deep troll zombies
  An entropy weaver zombie (Spider:2)
  3 fire bat zombies (Abyss:3)
  A two-headed ogre zombie (D:11)
  A spectral hellwing (Abyss:3)
  A spectral shining eye (Slime:1)
  6 spectral smoke demons (Abyss:3)
  6 hornet zombies
  A manticore zombie (Shoals:4)
  An elephant zombie (Lair:1)
  5 merfolk zombies
  17 elf zombies
  3 dream sheep zombies
  A ghost crab zombie (Abyss:3)
  25 human zombies
  7 vampire mosquito zombies
  3 spectral chaos spawn
  3 spectral neqoxecs (Abyss:3)
  8 yaktaur zombies
  A rime drake zombie (D:10)
  3 apocalypse crab zombies (Abyss:3)
  A fire crab zombie (Abyss:3)
  A salamander zombie (Depths:4)
  4 wyvern zombies
  3 cyclops zombies
  4 water moccasin zombies
  5 warg zombies
  5 yak zombies
  A queen bee zombie (Depths:3)
  A polar bear zombie (Elf:1)
  4 raiju zombies (Abyss:3)
  A troll zombie (Orc:1)
  4 wolf zombies
  2 bullfrog zombies
  6 centaur zombies
  A basilisk zombie (D:11)
  2 boggart zombies
  An orc wizard (D:11)
  2 scorpion zombies
  4 killer bee zombies (D:10)
  An acid dragon zombie (D:13)
  6 ogre zombies
  An ice beast zombie (D:10)
  A spectral electric eel (Spider:4)
  A howler monkey zombie (D:10)
  An iguana zombie (D:3)
  An adder zombie (D:3)
  A spectral iron imp (Abyss:3)
  A spectral shadow imp (Abyss:3)
  5 spectral white imps
  2 bat zombies
  3 gnoll zombies
  2 ball python zombies
  6 endoplasm zombies
  A goblin zombie (D:3)
  A hobgoblin zombie (D:4)
  2 jackal zombies (D:3)
  9 kobold zombies
  26 orc zombies
  A rat zombie (D:3)
  A spectral ufetubus (Abyss:3)
  3 bushes (Abyss:3)
  2 demonic plants (Abyss:3)
  54 fungi
  3 lurking horrors (Abyss:3)
  A pillar of salt (Orc:2)
  204 plants
  2 starspawn tentacles (Abyss:3)
  8 tentacles
  2 withered plants (Shoals:1)
726 creatures vanquished.

Grand Total: 3062 creatures vanquished

Notes
Turn   | Place    | Note
-------+----------+-------------------------------------------
     0 | D:1      | Bnni the Formicid Fighter began the quest for the Orb.
     0 | D:1      | Reached XP level 1. HP: 18/18 MP: 1/1
   179 | D:1      | Found a faded altar of an unknown god.
   199 | D:1      | Prayed at the altar of an unknown god.
   199 | D:1      | Became a worshipper of Yredelemnul the Dark
   199 | D:1      | Reached * piety under Yredelemnul
   291 | D:1      | Reached XP level 2. HP: 24/24 MP: 2/2
   603 | D:1      | Reached XP level 3. HP: 25/29 MP: 3/3
   986 | D:2      | Noticed Sigmund
   991 | D:2      | Killed Sigmund
   992 | D:2      | Reached skill level 5 in Shields
   992 | D:2      | Reached XP level 4. HP: 38/38 MP: 4/4
   992 | D:2      | Reached XP level 5. HP: 43/43 MP: 5/5
   992 | D:2      | Reached XP level 6. HP: 49/49 MP: 6/6
  1112 | D:2      | Identified the +1 leather armour of Fiatilim {Drain rC+
                  | Dex+3}
  1170 | D:2      | Identified the amulet of Circularity {Reflect Dex+4 SH+5}
  1284 | D:2      | Reached ** piety under Yredelemnul
  1285 | D:2      | Reached skill level 5 in Polearms
  2765 | D:4      | Found a shimmering blue altar of Sif Muna.
  2772 | D:4      | Reached XP level 7. HP: 52/54 MP: 7/7
  2779 | D:4      | Reached skill level 5 in Fighting
  2834 | D:4      | Found a staircase to the Ecumenical Temple.
  2911 | D:4      | Found a runed translucent door.
  2917 | D:4      | Noticed flt's ghost (amateur DgTm)
  2928 | D:4      | Killed flt's ghost
  3008 | D:4      | Found Meurox's Antique Armour Shoppe.
  3095 | D:4      | Reached XP level 8. HP: 17/64 MP: 8/8
  3392 | D:4      | Noticed Grinder
  3399 | D:4      | Killed Grinder
  3434 | D:4      | Got the Spellbook of Planar Mustering
  3447 | D:5      | Entered Level 5 of the Dungeon
  3702 | D:5      | Reached XP level 9. HP: 72/72 MP: 9/9
  3812 | D:5      | Noticed Eustachio
  3846 | D:5      | Killed Eustachio
  4532 | D:6      | Found an opulent altar of Gozag.
  4624 | D:6      | Reached skill level 10 in Polearms
  4632 | D:6      | Reached skill level 1 in Invocations
  5133 | D:7      | Noticed Maggie
  5145 | D:7      | Killed Maggie
  5146 | D:7      | Reached skill level 2 in Invocations
  5182 | D:7      | Reached XP level 10. HP: 82/82 MP: 10/12
  5302 | D:7      | Reached skill level 3 in Invocations
  5307 | D:7      | Reached *** piety under Yredelemnul
  5856 | D:8      | Reached skill level 4 in Invocations
  5906 | D:8      | Reached skill level 5 in Invocations
  5991 | D:8      | Found a burning altar of Makhleb.
  6270 | D:8      | Found a glowing silver altar of Zin.
  6299 | D:8      | Found a bloodstained altar of Trog.
  6659 | D:9      | Noticed a komodo dragon
  6665 | D:9      | Killed a komodo dragon
  6781 | D:9      | Found Fosyczam's Assorted Antiques.
  6784 | D:9      | Bought a scroll labelled NEYROT KIUV for 27 gold pieces
  6784 | D:9      | Bought a scroll labelled FULOIC COUFOTA for 27 gold pieces
  6784 | D:9      | Bought a scroll labelled FULOIC COUFOTA for 27 gold pieces
  6885 | D:9      | Reached XP level 11. HP: 90/90 MP: 15/15
  6951 | D:9      | Found Olof's Weapon Emporium.
  7078 | D:9      | Noticed Grum
  7084 | D:9      | Killed Grum
  7085 | D:9      | Reached skill level 6 in Invocations
  7283 | D:10     | Entered Level 10 of the Dungeon
  7326 | D:10     | Reached skill level 10 in Fighting
  7495 | D:10     | Found an ornate altar of the Wu Jian Council.
  7548 | D:10     | Found a staircase to the Lair.
  7600 | D:10     | Reached skill level 7 in Invocations
  7673 | D:10     | Found a staircase to the Orcish Mines.
  7747 | D:10     | Reached **** piety under Yredelemnul
  7962 | D:10     | Noticed Erica
  7990 | D:10     | Killed Erica
  8296 | D:10     | Noticed a two-headed ogre
  8303 | D:10     | Killed a two-headed ogre
  8472 | D:11     | Noticed a two-headed ogre
  8480 | D:11     | Killed a two-headed ogre
  8481 | D:11     | Reached skill level 8 in Invocations
  8486 | D:11     | Reached XP level 12. HP: 66/100 MP: 16/18
  8488 | D:11     | Noticed Harold
  8497 | D:11     | Killed Harold
  8504 | D:11     | Noticed a centaur warrior
  8505 | D:11     | Your ally Harold died
  9062 | D:10     | Reached skill level 9 in Invocations
  9073 | D:10     | Killed a centaur warrior
  9260 | D:11     | Found Asunetud's Magic Scroll Shop.
  9414 | D:11     | Noticed Urug
  9422 | D:11     | Killed Urug
  9715 | D:11     | Found a runed translucent door.
  9740 | D:11     | Reached ***** piety under Yredelemnul
  9789 | D:11     | Found an ornate altar of the Wu Jian Council.
  9892 | D:11     | Noticed a catoblepas
  9914 | D:11     | Killed a catoblepas
  9915 | D:11     | Reached skill level 15 in Polearms
  9978 | D:11     | Noticed a fire dragon
  9988 | D:11     | Killed a fire dragon
  9988 | D:11     | Enslaved a fire dragon
 10141 | D:11     | Identified the +9 long sword "Odimpema" {speed, rPois rF+}
 10363 | D:12     | Found a frozen archway.
 10363 | D:12     | Found Ryotton's Magic Scroll Emporium.
 10403 | IceCv    | Entered an ice cave
 10414 | IceCv    | Noticed a quicksilver ooze
 10426 | IceCv    | Killed a quicksilver ooze
 10427 | IceCv    | Reached skill level 10 in Invocations
 10525 | IceCv    | Reached XP level 13. HP: 108/108 MP: 20/20
 10551 | IceCv    | Got the ring "Soetocyit" {Fly rPois rC+ rCorr Slay-5}
 10627 | IceCv    | Noticed a quicksilver ooze
 10631 | IceCv    | Killed a quicksilver ooze
 10638 | IceCv    | Noticed a quicksilver ooze
 10643 | IceCv    | Killed a quicksilver ooze
 10644 | IceCv    | Reached ****** piety under Yredelemnul
 10813 | IceCv    | Found a viscous altar of Jiyva.
 10813 | IceCv    | Noticed an azure jelly
 10821 | IceCv    | Killed an azure jelly
 10822 | IceCv    | Reached skill level 11 in Invocations
 11033 | IceCv    | Identified the +1 leather armour of Impermeability {rC+
                  | Will- Str+3}
 11034 | IceCv    | Identified the amulet "Metietis" {Faith rCorr Dex+2}
 11038 | IceCv    | Got the ring of the First Loving Stars {rC+ rN++ Int-5
                  | Dex+3}
 11474 | D:12     | Noticed Lodul
 11487 | D:12     | Killed Lodul
 11487 | D:12     | Enslaved Lodul
 11844 | D:12     | Reached XP level 14. HP: 51/118 MP: 22/22
 12063 | D:12     | Reached skill level 12 in Invocations
 12406 | D:11     | Bought a scroll of acquirement for 624 gold pieces
 12406 | D:11     | Acquired 963 gold pieces
 12451 | D:12     | Bought a scroll of enchant weapon for 105 gold pieces
 12573 | D:13     | Found a runed translucent door.
 12587 | D:13     | Found a runed translucent door.
 12594 | D:13     | Found a runed translucent door.
 12601 | D:13     | Found a runed translucent door.
 12797 | D:13     | Found a gate to the Vaults.
 12804 | D:13     | Your ally Lodul died
 12823 | D:13     | Identified the +7 chain mail of Makhleb's Castigation {rN+
                  | Str+3 Int-4}
 13763 | D:14     | Noticed a storm dragon
 13773 | D:14     | Killed a storm dragon
 14183 | D:14     | Identified the +1 rapier of Floods {freeze, rElec}
 14210 | D:14     | Reached skill level 13 in Invocations
 14700 | D:14     | Reached XP level 15. HP: 69/127 MP: 24/24
 15294 | D:15     | Entered Level 15 of the Dungeon
 15376 | D:15     | Reached skill level 5 in Armour
 15506 | D:15     | Found a staircase to the Depths.
 16587 | Lair:1   | Entered Level 1 of the Lair of Beasts
 17454 | Lair:2   | Found a hole to the Spider Nest.
 17618 | Lair:2   | Found a staircase to the Shoals.
 17653 | Lair:2   | Identified the ring of Noishreu {rC+ EV+4 Stlth+}
 17700 | Lair:2   | Reached skill level 14 in Invocations
 17704 | Lair:2   | Reached skill level 15 in Fighting
 18559 | Lair:3   | Reached XP level 16. HP: 136/136 MP: 26/26
 19622 | Lair:4   | Found a viscous altar of Jiyva.
 19626 | Lair:4   | Found a staircase to the Slime Pits.
 20210 | Lair:5   | Entered Level 5 of the Lair of Beasts
 20315 | Lair:5   | Identified the +1 leather armour of the Wasteland {+Blink
                  | rCorr Int-3 Slay+5}
 21013 | Lair:5   | Reached skill level 10 in Shields
 21221 | Orc:1    | Entered Level 1 of the Orcish Mines
 21718 | Orc:2    | Entered Level 2 of the Orcish Mines
 21718 | Orc:2    | Found a staircase to the Elven Halls.
 22103 | Orc:2    | Noticed Rupert
 22114 | Orc:2    | Killed Rupert
 22114 | Orc:2    | Enslaved Rupert
 22164 | Orc:2    | Noticed Snorg
 22169 | Orc:2    | Killed Snorg
 22296 | Orc:2    | Found Efrepyry's Weapon Emporium.
 22329 | Orc:2    | Found Uhammameit's Armour Shop.
 22605 | Orc:2    | Found Foecokepp's General Store.
 22629 | Orc:2    | Found Loysapea's Jewellery Boutique.
 22783 | Orc:2    | Bought a +0 pair of boots for 81 gold pieces
 22810 | Orc:2    | Bought the ring of the Voivode {rElec rF+ AC+4 Str-5} for
                  | 651 gold pieces
 23042 | Spider:1 | Entered Level 1 of the Spider Nest
 23190 | Spider:1 | Reached skill level 15 in Invocations
 23191 | Spider:1 | Upgraded the game from 0.30-a0-372-g0ce2686038 to
                  | 0.30-a0-373-gd37427bb62
 23379 | Spider:1 | Reached XP level 17. HP: 117/144 MP: 28/28
 23980 | Spider:1 | Noticed fly's ghost (adept DrDe)
 23997 | Spider:1 | Found a transporter.
 24010 | Spider:1 | Found a transporter.
 24080 | Spider:1 | Killed fly's ghost
 24381 | Spider:1 | Identified the amulet "Soggonti" {Spirit rElec rN++ Str-4
                  | Int-4}
 24697 | Spider:1 | Acquired the +8 kite shield "Yrphuc" {Int+3 SInv}
 24793 | Spider:2 | Acquired 674 gold pieces
 26618 | Spider:3 | Acquired 341 gold pieces
 26620 | Spider:3 | Acquired a +2 bardiche of protection
 26622 | Spider:3 | Acquired the +3 pair of seven-league boots {Rampage+∞}
 26622 | Spider:3 | Found the +3 pair of seven-league boots {Rampage+∞}
 26738 | Spider:4 | Entered Level 4 of the Spider Nest
 26758 | Spider:4 | HP: 7/145 [jorogumo (17)]
 26787 | Spider:4 | HP: 3/143 [jorogumo (16)]
 26796 | Spider:3 | Reached skill level 16 in Invocations
 27337 | Spider:4 | Reached skill level 10 in Armour
 27382 | Spider:4 | Reached XP level 18. HP: 153/153 MP: 30/30
 27891 | Spider:4 | Got a gossamer rune of Zot
 28099 | Spider:4 | Noticed Asterion
 28108 | Spider:4 | Killed Asterion
 28108 | Spider:4 | Enslaved Asterion
 28561 | Shoals:1 | Entered Level 1 of the Shoals
 28637 | Shoals:1 | Found a runed translucent gate.
 28637 | Shoals:1 | Found a runed translucent gate.
 28637 | Shoals:1 | Found a runed translucent gate.
 28637 | Shoals:1 | Noticed Inejuzaq's ghost (journeyman DsFi)
 28637 | Shoals:1 | Noticed Jemet's ghost (adept DDFi)
 28638 | Shoals:1 | Noticed Zetag's ghost (adept DsFi)
 28638 | Shoals:1 | Noticed Roricw's ghost (adept MiBe)
 28659 | Shoals:1 | Killed Zetag's ghost
 28674 | Shoals:1 | Killed Roricw's ghost
 28676 | Shoals:1 | Killed Jemet's ghost
 28691 | Shoals:1 | Killed Inejuzaq's ghost
 29114 | Shoals:1 | Got the Almanac of Henotheism
 29269 | Shoals:1 | Learned a level 2 spell: Wereblood
 29274 | Shoals:1 | Learned a level 4 spell: Manifold Assault
 29279 | Shoals:1 | Learned a level 4 spell: Passage of Golubria
 29363 | Shoals:2 | Reached skill level 17 in Invocations
 29372 | Shoals:2 | Found Qestrobep's Antique Armour Shoppe.
 29402 | Shoals:2 | Bought a pair of gloves for 139 gold pieces
 29449 | Shoals:2 | Found Roisyod's Distillery.
 29457 | Shoals:2 | Bought a potion of heal wounds for 80 gold pieces
 29708 | Shoals:2 | Found Zehagecs's General Store.
 29728 | Shoals:2 | Reached XP level 19. HP: 133/161 MP: 31/31
 29984 | Shoals:3 | Noticed Ilsuiw
 30004 | Shoals:3 | Killed Ilsuiw
 30141 | Shoals:3 | Noticed Aizul
 30154 | Shoals:3 | Killed Aizul
 30947 | Shoals:4 | Entered Level 4 of the Shoals
 31099 | Shoals:4 | Got a barnacled rune of Zot
 31330 | Shoals:4 | Identified the +0 rapier of Etheasum {protect, rF++ Stlth-}
 31551 | Shoals:4 | Identified the ring of Syhikebla {rF+ Str+3}
 31653 | Shoals:4 | Learned a level 3 spell: Vhi's Electric Charge
 31752 | Shoals:4 | Reached skill level 1 in Translocations
 31936 | Shoals:4 | Reached skill level 1 in Spellcasting
 32135 | Shoals:2 | Reached skill level 1 in Air Magic
 32294 | Elf:1    | Entered Level 1 of the Elven Halls
 32335 | Elf:1    | Found a portal to a secret trove of treasure.
 32400 | Elf:1    | Reached skill level 18 in Invocations
 32555 | Elf:1    | Identified the +0 chain mail of Qarch {-Tele Rampage
                  | Will+++ Int+5}
 32640 | Elf:1    | Reached XP level 20. HP: 164/171 MP: 26/33
 32927 | Elf:1    | Reached skill level 1 in Transmutations
 33228 | Elf:1    | Found a shimmering blue altar of Sif Muna.
 33265 | Elf:1    | Identified the amulet "Zewnol" {RegenMP -Tele Regen+
                  | Slay+6}
 33267 | Elf:1    | Got the Almanac of Adjuration
 33616 | Elf:2    | Found Ifedel's Antique Weapon Shoppe.
 33671 | Elf:2    | Found an ancient bone altar of Kikubaaqudgha.
 33681 | Elf:2    | Found Toybyck's General Store.
 33947 | Elf:2    | Your ally Asterion died
 33951 | Elf:2    | Reached skill level 5 in Translocations
 33997 | Elf:2    | Acquired a manual of Fighting
 34085 | Elf:2    | Found a runed translucent gate.
 34086 | Elf:2    | Found a runed translucent gate.
 34088 | Elf:2    | Found a runed translucent gate.
 34744 | Elf:3    | Entered Level 3 of the Elven Halls
 34868 | Elf:3    | Reached XP level 21. HP: 180/180 MP: 34/34
 35010 | Elf:3    | Noticed a Tzitzimitl
 35013 | Elf:3    | Noticed a Tzitzimitl
 35099 | Elf:3    | Reached skill level 5 in Spellcasting
 35137 | Elf:3    | Noticed a Tzitzimitl
 35147 | Elf:3    | Reached skill level 5 in Transmutations
 35292 | Elf:3    | Got Sif Muna's Treatise on Unified Venin
 35295 | Elf:3    | Identified the +0 troll leather armour of Vitil {Regen+
                  | rCorr Str+6 Int-2 Dex-4}
 35367 | Elf:3    | Reached skill level 19 in Invocations
 35395 | Elf:3    | Identified the amulet "Otaangoa" {RegenMP rElec rN+}
 35768 | Elf:3    | Identified the +1 leather armour of the Crypt {+Blink}
 35959 | Elf:3    | Learned a level 3 spell: Lesser Beckoning
 36162 | Vaults:1 | Entered Level 1 of the Vaults
 37355 | Vaults:2 | Found a crumbling gateway.
 37360 | Desolati | Entered the Desolation of Salt
 37385 | Desolati | Reached XP level 22. HP: 176/192 MP: 35/35
 37468 | Desolati | Found the +2 hood of the Assassin {Detection Stab+ Stlth++}
 37475 | Desolati | Identified the ring "Citylola" {Will+ Str+6 Slay+3}
 37477 | Desolati | Identified the ring "Tunag" {rPois rN+++ Dex+6 Slay-5
                  | Stlth+}
 37804 | Desolati | Got the Opusculum on Intoxicating Transformation
 37812 | Desolati | Learned a level 6 spell: Eringya's Noxious Bog
 37816 | Desolati | Learned a level 3 spell: Ignite Poison
 37823 | Desolati | Got Sif Muna's Encyclopedia of the Gritty Snowflakes
 37826 | Desolati | Got the Almanac of Evil Liturgies
 37830 | Desolati | Got Vehumet's Commentary on Striking
 37838 | Desolati | Identified the +10 dagger of the Fray {holy, rF+ rN+ Will++
                  | Dex-2}
 37839 | Desolati | Identified the +7 falchion "Binn" {freeze, rPois Str+5
                  | Dex-2 Stlth+}
 37858 | Desolati | Identified the +6 quarterstaff of Ihalest {holy, Int+2}
 37877 | Desolati | Reached skill level 1 in Poison Magic
 37902 | Desolati | Identified the ring of Xom's Fair Game {rElec rF+ rC+ Int+4
                  | Dex-3}
 38017 | Desolati | Identified the amulet "Toasmeco" {Spirit *Slow rN++ Str+4}
 38693 | Vaults:2 | Noticed Sojobo
 38707 | Vaults:2 | Killed Sojobo
 38707 | Vaults:2 | Enslaved Sojobo
 38709 | Vaults:2 | Reached skill level 20 in Invocations
 38924 | Vaults:2 | Noticed Frederick
 38933 | Vaults:2 | Killed Frederick
 39791 | Vaults:3 | Reached XP level 23. HP: 200/200 MP: 37/37
 39792 | Vaults:3 | Reached skill level 10 in Translocations
 39976 | Vaults:3 | Noticed Donald
 39982 | Vaults:3 | Killed Donald
 40014 | Vaults:3 | Noticed Jory
 40033 | Vaults:3 | Killed Jory
 40034 | Vaults:3 | Reached skill level 5 in Poison Magic
 40041 | Vaults:3 | You fall into a shaft and drop 1 floor!
 41438 | Slime:1  | Entered Level 1 of the Pits of Slime
 41443 | Slime:1  | Gained mutation: Your muscles are strong. (Str +4, Int/Dex
                  | -1) [a shining eye]
 41886 | Slime:3  | Found a viscous altar of Jiyva.
 41927 | Slime:4  | Reached skill level 10 in Transmutations
 42131 | Slime:5  | Entered Level 5 of the Pits of Slime
 42191 | Slime:5  | Gained mutation: Your magical capacity is low. (-10% MP) [a
                  | shining eye]
 42258 | Slime:5  | Reached XP level 24. HP: 188/211 MP: 33/33
 42271 | Slime:5  | Noticed the Royal Jelly
 42287 | Slime:5  | Killed the Royal Jelly
 42288 | Slime:5  | Reached skill level 10 in Spellcasting
 42562 | Slime:5  | Found the +7 staff of the Meek {protect, meekguard}
 42573 | Slime:5  | Identified the amulet of Pantheism {Faith rN+}
 42610 | Slime:5  | Identified the ring "Innydirr" {rN++ Str+6}
 42657 | Slime:5  | Identified the +6 short sword "Cuxty" {holy, Contam rF+
                  | Str-2 Dex+9}
 42658 | Slime:5  | Identified the +7 plate armour of the Barber Surgeon {Int+2
                  | Slay-6 SInv}
 42675 | Slime:5  | Got a slimy rune of Zot
 42677 | Slime:5  | Got the Compilation of Triumph
 43123 | Elf:1    | You showed the slimy rune of Zot to enter a treasure trove
 43124 | Trove    | Entered a treasure trove
 43134 | Trove    | Identified the amulet of Xyic {Acrobat rC- Str+3 Int+5
                  | SInv}
 43137 | Trove    | Identified the ring "Jetsiuny" {Ice Str+3}
 43140 | Trove    | Identified the ring of Lihalori {rPois Dex+6 Stlth+}
 43143 | Trove    | Identified the amulet "Reju" {Acrobat rN+}
 43146 | Trove    | Identified the ring of Viqel {Fire rN+ Will+}
 43150 | Trove    | Identified the amulet of Dawn {Reflect rC+ SH+5}
 43152 | Trove    | Identified the ring "Erupp" {rC+ Dex+3 Stlth+}
 43155 | Trove    | Identified the ring of Voafas {rN+ Dex+6}
 43158 | Trove    | Identified the ring "Feyjer" {rN+++ Will- rCorr MP+9 Dex+2}
 43160 | Trove    | Identified the amulet "Muecobb" {Reflect rF+ SH+5}
 43163 | Trove    | Identified the ring "Xiru" {rF+ rCorr Str+3 Stlth+}
 43166 | Trove    | Identified the amulet "Uffy" {Acrobat Dex+2 SInv}
 43192 | Elf:1    | Learned a level 4 spell: Iskenderun's Mystic Blast
 43360 | Depths:1 | Entered Level 1 of the Depths
 43373 | Depths:1 | Reached skill level 1 in Dodging
 43534 | Depths:1 | Found a gateway to Hell.
 43550 | Depths:1 | Found Ziolofis's Jewellery Boutique.
 43550 | Depths:1 | Found Juseap's Antique Armour Shop.
 43559 | Depths:1 | Reached skill level 21 in Invocations
 43677 | Depths:1 | Reached skill level 1 in Conjurations
 43956 | Depths:1 | Found a blossoming altar of Fedhas.
 44513 | Depths:2 | Found an ancient bone altar of Kikubaaqudgha.
 44640 | Depths:2 | Found a one-way gate leading to the halls of Pandemonium.
 44888 | Depths:2 | Noticed Vv
 44910 | Depths:2 | Your ally Sojobo died
 44938 | Depths:2 | Killed Vv
 45061 | Depths:2 | Noticed a golden dragon
 45069 | Depths:2 | Killed a golden dragon
 45069 | Depths:2 | Enslaved a golden dragon
 45508 | Depths:3 | Found Sautif's Pet Rocks.
 45545 | Depths:3 | Noticed a juggernaut
 45548 | Depths:3 | Killed a juggernaut
 45552 | Depths:3 | Noticed a golden dragon
 45565 | Depths:3 | Killed a golden dragon
 45683 | Depths:3 | Reached XP level 25. HP: 164/219 MP: 31/34
 45755 | Depths:3 | Reached skill level 22 in Invocations
 45918 | Depths:3 | Found a one-way gateway to a ziggurat.
 45943 | Depths:3 | Found a stormy altar of Qazlal.
 46249 | Depths:3 | Found a one-way gate to the infinite horrors of the Abyss.
 46406 | Depths:4 | Entered Level 4 of the Depths
 46580 | Depths:4 | Found an opulent altar of Gozag.
 46667 | Depths:4 | Found a basalt altar of Yredelemnul.
 46820 | Depths:4 | Reached skill level 5 in Dodging
 46876 | Depths:4 | Reached skill level 5 in Conjurations
 47168 | Depths:4 | Found a gate to the Realm of Zot.
 47192 | Depths:4 | Found Gozag's Platinum Reserve.
 47560 | Zot:1    | Entered Level 1 of the Realm of Zot
 47594 | Zot:1    | Noticed an orb of fire
 47607 | Zot:1    | Noticed an orb of fire
 47614 | Zot:1    | Killed an orb of fire
 47623 | Zot:1    | Lost mutation: Your muscles are strong. (Str +4, Int/Dex
                  | -1) [an orb of fire]
 47627 | Zot:1    | Gained mutation: You are clumsy. (Dex -2) [an orb of fire]
 47628 | Zot:1    | Gained mutation: Armour fits poorly on your strangely
                  | shaped body. [an orb of fire]
 47638 | Zot:1    | Gained mutation: Potions are less effective at restoring
                  | your health. [an orb of fire]
 47641 | Zot:1    | Killed an orb of fire
 47642 | Zot:1    | Reached XP level 26. HP: 138/229 MP: 34/34
 47708 | Zot:1    | Lost mutation: You are clumsy. (Dex -2) [potion of
                  | mutation]
 47708 | Zot:1    | Lost mutation: Your magical capacity is low. (-10% MP)
                  | [potion of mutation]
 47708 | Zot:1    | Gained mutation: Your system is resistant to poisons.
                  | (rPois) [potion of mutation]
 47708 | Zot:1    | Gained mutation: You possess an exceptional clarity of
                  | mind. [potion of mutation]
 47708 | Zot:1    | Gained mutation: Your spells are a little harder to cast,
                  | but a little more powerful. [potion of mutation]
 47708 | Zot:1    | Gained mutation: Your muscles are strong. (Str +4, Int/Dex
                  | -1) [potion of mutation]
 47709 | Zot:1    | Lost mutation: Armour fits poorly on your strangely shaped
                  | body. [potion of mutation]
 47709 | Zot:1    | Lost mutation: You possess an exceptional clarity of mind.
                  | [potion of mutation]
 47709 | Zot:1    | Gained mutation: You are covered in fur. (AC +1) [potion of
                  | mutation]
 47709 | Zot:1    | Lost mutation: Your system is resistant to poisons. (rPois)
                  | [potion of mutation]
 47709 | Zot:1    | Gained mutation: You passively dampen the noise of your
                  | surroundings. [potion of mutation]
 47709 | Zot:1    | Gained mutation: Your muscles are very strong. (Str +8,
                  | Int/Dex -2) [potion of mutation]
 47710 | Zot:1    | Lost mutation: You passively dampen the noise of your
                  | surroundings. [potion of mutation]
 47710 | Zot:1    | Lost mutation: Potions are less effective at restoring your
                  | health. [potion of mutation]
 47710 | Zot:1    | Lost mutation: Your muscles are very strong. (Str +8,
                  | Int/Dex -2) [potion of mutation]
 47710 | Zot:1    | Gained mutation: You are robust. (+10% HP) [potion of
                  | mutation]
 47717 | Zot:1    | Learned a level 5 spell: Yara's Violent Unravelling
 47826 | Zot:1    | Reached skill level 1 in Hexes
 47831 | Zot:1    | Reached skill level 23 in Invocations
 48969 | Zot:2    | Noticed an orb of fire
 49036 | Zot:2    | Reached skill level 15 in Armour
 49047 | Zot:2    | Killed an orb of fire
 49052 | Zot:2    | Noticed a curse toe
 49067 | Zot:2    | Killed a curse toe
 49111 | Zot:2    | Reached skill level 15 in Shields
 49549 | Zot:2    | Learned a level 5 spell: Irradiate
 49955 | Zot:3    | Noticed a curse toe
 49967 | Zot:3    | You fall into a shaft and drop 1 floor!
 49967 | Zot:4    | Found a transporter.
 49967 | Zot:4    | Found a transporter.
 50314 | Zot:4    | Found a transporter.
 50338 | Zot:4    | Found a transporter.
 50580 | Zot:4    | Reached skill level 5 in Hexes
 50589 | Zot:4    | Identified the +4 great mace of Cuyxer {flame, Str+5}
 50956 | Zot:4    | Reached XP level 27. HP: 251/260 MP: 38/38
 51023 | Zot:4    | Noticed an orb of fire
 51030 | Zot:4    | Killed an orb of fire
 51033 | Zot:4    | Reached skill level 24 in Invocations
 51226 | Zot:4    | Identified the +0 robe of Pragmatism {Rampage rF+ Str+4
                  | Int-4}
 51698 | Zot:3    | Identified the ring "Mexuus" {Ice Dex-3 Slay+6}
 51698 | Zot:3    | Noticed Josephina
 51721 | Zot:3    | HP: 1/258 [Josephina/icy flash freeze (38)]
 51725 | Zot:3    | Killed Josephina
 53049 | Zot:5    | Entered Level 5 of the Realm of Zot
 53562 | Zot:5    | Noticed an ancient lich
 53568 | Zot:5    | Killed an ancient lich
 53569 | Zot:5    | Noticed a Killer Klown
 53570 | Zot:5    | Noticed a Killer Klown
 53572 | Zot:5    | Noticed a Killer Klown
 53575 | Zot:5    | Killed a Killer Klown
 53578 | Zot:5    | Noticed a Killer Klown
 53579 | Zot:5    | Noticed an ancient lich
 53579 | Zot:5    | Killed a Killer Klown
 53582 | Zot:5    | Killed an ancient lich
 53583 | Zot:5    | Noticed an orb of fire
 53583 | Zot:5    | Killed a Killer Klown
 53584 | Zot:5    | Noticed a Killer Klown
 53594 | Zot:5    | Killed a Killer Klown
 53608 | Zot:5    | Gained mutation: You occasionally shout uncontrollably at
                  | your foes. [an orb of fire]
 53610 | Zot:5    | Killed an orb of fire
 53610 | Zot:5    | Noticed an orb of fire
 53610 | Abyss:3  | Cast into level 3 of the Abyss (Killer Klown)
 53852 | Abyss:3  | Reached skill level 25 in Invocations
 53864 | Abyss:3  | Got an abyssal rune of Zot
 53902 | Abyss:3  | Found a corrupted altar of Lugonu.
 53987 | Abyss:3  | Found a corrupted altar of Lugonu.
 54702 | Zot:5    | Escaped the Abyss
 54715 | Zot:5    | Noticed a Killer Klown
 54717 | Zot:5    | Noticed a Killer Klown
 54719 | Zot:5    | Noticed a Killer Klown
 54724 | Zot:5    | Gained mutation: You are vulnerable to heat. (rF-) [an orb
                  | of fire]
 54732 | Zot:5    | HP: 12/262 [electric golem (5)]
 54733 | Zot:5    | Noticed a Killer Klown
 54733 | Zot:5    | HP: 4/262 [Orb Guardian (7)]
 54735 | Zot:5    | Noticed an ancient lich
 54741 | Zot:5    | Killed from afar by an orb of fire

Illustrated notes

Levels and vault maps discovered:
D:1:      amcnicky_arrival_choice, layout_basic,
          shapermc_ecumenical_altar_pompeii
D:2:      layout_basic, minmay_vboxes, uniq_sigmund
D:3:      layout_loops_corners, minmay_misc_feat_columns,
          lexackson_kobold_supper
D:4:      layout_gridville, amcnicky_altar_gilded, minmay_temple_entry_glass,
          serial_shops, kennysheep_little_box, ebering_ghost_reflecting_pool,
          uniq_grinder
D:5:      layout_basic, kennysheep_flooded_box, kennysheep_generic_room_9,
          uniq_eustachio
D:6:      layout_basic, overflow_temple_1_default, minmay_misc_feat_nine_boxes
D:7:      layout_basic, serial_curves, eino_curves_03, eino_curves_02,
          eino_curves_02, eino_curves_01, uniq_maggie
D:8:      layout_basic, old_standard_altar, mainiacjoe_overflow_large_starburst
D:9:      layout_basic, serial_shops, nicolae_shop_behind_doors, shop, uniq_grum
D:10:     layout_stronghold, mainiacjoe_overflow_concentric_impassable,
          hellmonk_lair_entry_icy, orc_0_dummy, kennysheep_generic_room_15,
          uniq_erica
D:11:     minmay_the_grid_four_pointed_star
          [minmay_the_grid_triangle_9x9_flanged_cone,
          minmay_the_grid_triangle_9x9_subtriangle,
          minmay_the_grid_triangle_9x9_intruding_spiral,
          minmay_the_grid_triangle_9x9_corruption,
          minmay_the_grid_prize_four_corners_diamond_a], layout_basic,
          serial_shops, shop, nzn_wu_jian_contemplation, uniq_urug, uniq_harold
D:12:     layout_rooms, serial_shops, nicolae_diamond_shop,
          portal_ice_cave_entry_imps, nooodl_orcs_dogs, uniq_lodul
D:13:     layout_small_grid, grunt_vaults_entry_tiered,
          minmay_statue_crystal_thing
D:14:     minmay_chopped_fan, layout_basic, hangedman_decor_peaks_small
D:15:     hangedman_depths_entry_civil_slaughter, layout_stronghold,
          wad_floor_pattern_2
Lair:1:   layout_long_grid, dreamdust_gnoll_shepherd, lemuel_fruit_tree,
          grunt_megastairs_4
Lair:2:   layout_concentric_octagons, minmay_shoals_entry_lonely_mermaid,
          spider_nest_entry_a, serial_bayou_pond_d
Lair:3:   layout_hall_layers, grunt_megastairs_2
Lair:4:   layout_regular_city, nicolae_slime_entry_slimehenge,
          beast_lair_carwin_10, serial_bayou_shore_b
Lair:5:   gammafunk_lair_ancient_temple, layout_gridlike
Shoals:1: layout_shoals, gammafunk_ghost_cemetery
Shoals:2: layout_shoals, serial_shops, shop, shop, nicolae_diamond_shop
Shoals:3: layout_shoals, kb_tengu_band, uniq_aizul, uniq_ilsuiw
Shoals:4: shoals_end_simple, layout_shoals, shoals_ilsuiw_alternative
Spider:1: layout_spider_delve, nzn_ghost_randoct,
          nicolae_spider_nooks_and_crannies
Spider:2: layout_chambers
Spider:3: layout_spider_delve
Spider:4: spider_rune_water, uniq_asterion
Slime:1:  layout_caves, nicolae_slime_barrier
Slime:2:  layout_caves
Slime:3:  layout_caves, basic_altar
Slime:4:  layout_caves
Slime:5
Orc:1:    layout_caves
Orc:2:    hellmonk_orc_salted, layout_caves, uniq_rupert, uniq_snorg
Elf:1:    layout_geoelf_grid, nicolae_trove_entry_diagonal,
          hangedman_elven_crosses_minicolossus, hangedman_summoners_spam
Elf:2:    elven_hall_of_blades_hangedman_original
          [nicolae_blade_entry_floor_patterns], layout_gridlike, basic_altar,
          serial_shops, nicolae_shop_stone, nicolae_stop_n_shop_1, minivault_28
Elf:3:    elf_hall, layout_loops_corners, minmay_misc_feat_five,
          grunt_ministairs_10, hellmonk_bongcloud_opening
Vaults:1: v_misc_17, v_rooms_5, vaults_room_door_ring, vaults_room_octagon,
          v_alt_pattern_6, v_misc_26, vaults_room_grid, v_pattern_5,
          ontoclasm_vaults_loading_screen, v_misc_11, hangedman_vaults_corner,
          v_misc_25, vaults_dpeg_encased_lava, vaults_room_ringed_pool,
          layout_vaults_ring
Vaults:2: portal_desolation_entry_ruin, vaults_dpeg_emergency_exit,
          nicolae_vaults_twisting_passages, nicolae_vaults_little_ls,
          hangedman_vaults_maws, nicolae_vaults_gold_heap,
          nicolae_vaults_diagonal_hallway_6, nicolae_vaults_ninety_degrees,
          v_misc_26, v_misc_3, vaults_room_grunt_arrival_checkpoint,
          vaults_room_hallway, layout_vaults_chaotic_city, uniq_frederick,
          uniq_sojobo
Vaults:3: nicolae_vaults_mini_display_case, v_alt_pattern_6,
          blue_anna_dwarven_crypt, ontoclasm_vaults_claustrophobia,
          nicolae_vaults_asterisk, vaults_dpeg_hooks, layout_vaults_omnigrid,
          uniq_jory, uniq_donald
Vaults:4: nicolae_vaults_little_squares_4, v_rooms_6, nicolae_vaults_asterisk,
          vaults_room_door_ring, nicolae_vaults_network_star,
          vaults_room_door_hall, vaults_room_grid, vaults_room_pools, v_misc_2,
          ontoclasm_vaults_pinch, nicolae_vaults_yaktaur_gun_rack,
          hangedman_vaults_stretched_pinwheel, layout_vaults_omnibox
Depths:1: layout_gridlike, pf_coc_iceberg, fedhas_altar_fruit_tree,
          minmay_shoptagon
Depths:2: minmay_broken_ring, layout_long_grid, kennysheep_cross_bottleneck,
          rand_demon_pan_entry_8, hell_entry, kiku_gazebo_pond_becter,
          infiniplex_staircase_zigzag_4, uniq_vv
Depths:3: minmay_bad_star, layout_small_grid, enter_ziggurat_f,
          nicolae_qazlal_general_emergency, hell_entry, abyss_entry_glasseish,
          guppyfry_shop_earth
Depths:4: grunt_zot_entry_pinwheel, layout_cave_pools, abyss_entry_crystal,
          grunt_hell_entry_dis_grunt, nicolae_gozag_zags_fifth_avenue,
          nicolae_yredelemnul_corpse_copse
Zot:1:    layout_gridville, grunt_ministairs_15, lemuel_lake_of_fire
Zot:2:    layout_onion
Zot:3:    layout_basic, grunt_ministairs_8, evilmike_ambush
          [evilmike_ambush_outer_doors, evilmike_ambush_inner_basic],
          uniq_josephina
Zot:4:    kennysheep_oblong_rooms, layout_onion_interference,
          nicolae_transporter_circle
Zot:5:    layout_misc_corridors

Skill      XL: |  1  2  3  4  5  6  7  8  9 10 11 12 13 14 15 16 17 18 19 20 21 22 23 24 25 26 27 |
---------------+----------------------------------------------------------------------------------+-----
Fighting       | 4 5 7 8 9 11 12 13 14 15 16 17 18 19 20 21 22 23 24 | 24.3
Polearms       | 4 5 6 8 10 12 13 15 16 18 19 21 22 23 24 | 24.0
Shields        | 5 8 10 11 13 14 15 17 | 17.1
Invocations    | 2 5 8 10 11 13 14 15 16 17 18 19 20 21 22 23 25 | 25.5
Armour         | 4 6 8 10 11 12 13 14 15 | 15.0
Translocations | 3 6 8 9 10 | 10.0
Spellcasting   | 2 4 7 8 9 10 11 | 11.0
Air Magic      | 2 4 |  4.0
Transmutations | 4 7 8 10 11 12 13 14 | 14.7
Poison Magic   | 4 5 9 |  9.4
Dodging        | 3 5 7 9 |  9.1
Conjurations   | 3 5 7 |  7.0
Hexes          | 5 8 |  8.0

Action                   |  1- 3 |  4- 6 |  7- 9 | 10-12 | 13-15 | 16-18 | 19-21 | 22-24 | 25-27 || total
-------------------------+-------+-------+-------+-------+-------+-------+-------+-------+-------++-------
Melee: Trident           |   106 |    12 |       |       |       |       |       |       |       ||   118
       Halberd           |       |   116 |   194 |   319 |     3 |       |       |       |       ||   632
       Demon trident     |       |       |       |    58 |       |       |       |       |       ||    58
       Bardiche          |       |       |       |       |   491 |   889 |   823 |   891 |  1474 ||  4568
       Unarmed           |       |       |       |       |       |       |       |       |     7 ||     7
Throw: Dart              |       |       |     3 |     5 |       |       |       |       |       ||     8
       Throwing net      |       |       |       |       |       |     1 |       |       |     3 ||     4
       Javelin           |       |       |       |       |       |       |     1 |       |       ||     1
 Cast: Wereblood         |       |       |       |       |       |       |       |     1 |    14 ||    15
       Vhi's Electric Ch |       |       |       |       |       |       |       |     3 |    55 ||    58
       Lesser Beckoning  |       |       |       |       |       |       |       |       |     6 ||     6
       Iskenderun's Myst |       |       |       |       |       |       |       |       |     2 ||     2
       Manifold Assault  |       |       |       |       |       |       |       |       |    44 ||    44
       Ignite Poison     |       |       |       |       |       |       |       |       |     1 ||     1
       Passage of Golubr |       |       |       |       |       |       |       |       |     1 ||     1
       Eringya's Noxious |       |       |       |       |       |       |       |       |     1 ||     1
Invok: Recall Undead Har |       |       |     3 |     6 |    18 |    16 |     9 |    12 |    17 ||    81
       Bind Soul         |       |       |       |     1 |     2 |    10 |     3 |     2 |     4 ||    22
       Dark Bargain      |       |       |       |       |     4 |     1 |       |     1 |     4 ||    10
       Drain Life        |       |       |       |       |     3 |     7 |     7 |     1 |     9 ||    27
 Abil: Dig               |       |     1 |       |       |     1 |     4 |       |     1 |     5 ||    12
       Shaft Self        |       |       |       |       |       |       |       |       |     1 ||     1
Evoke: Wand              |       |       |     1 |       |       |       |       |       |       ||     1
       Phantom mirror    |       |       |       |       |       |       |       |       |     1 ||     1
  Use: Potion            |     1 |       |       |     4 |       |    16 |     1 |     4 |    19 ||    45
       Scroll            |       |     5 |     2 |    15 |    20 |    13 |     8 |     3 |    12 ||    78
 Stab: Distracted        |       |       |       |     3 |    13 |    30 |     9 |    14 |    28 ||    97
       Invisible         |       |       |       |     4 |       |     2 |     1 |    12 |       ||    19
       Paralysed         |       |       |       |       |       |       |       |    28 |       ||    28
       Petrified         |       |       |       |       |       |       |       |     2 |       ||     2
       Fleeing           |       |       |       |       |       |       |       |       |     3 ||     3
Armor: Scale mail        |    60 |    36 |    13 |       |       |       |       |       |       ||   109
       Chain mail        |       |       |    35 |       |       |       |       |       |       ||    35
       Pearl dragon scal |       |       |       |   116 |   225 |   457 |   251 |   278 |   553 ||  1880
       Swamp dragon scal |       |       |       |    19 |       |       |       |       |       ||    19
Dodge: Dodged            |    34 |    42 |    33 |   106 |   120 |   287 |   169 |   161 |   335 ||  1287
Block: Buckler           |    24 |    34 |    79 |   156 |    80 |     1 |       |       |       ||   374
       Reflection        |       |       |     1 |    20 |       |       |       |       |       ||    21
       Kite shield       |       |       |       |       |       |   553 |   492 |   514 |   893 ||  2452

Table legend: (Time is in decaauts)
 A = Elapsed time spent in this place.
 B = Non-inter-level travel time spent in this place.
 C = Inter-level travel time spent in this place.
 D = Time resting spent in this place.
 E = Time spent auto-exploring this place.
 F = Levels seen in this place.
 G = Mean time per level.
                   A        B        C        D        E       F      G
               +--------+--------+--------+--------+--------+-----+--------+
         Total |  54333 |  51038 |   3295 |   6653 |  32185 |  55 |  987.9 |
       Dungeon |  16319 |  15308 |   1011 |   2326 |  10215 |  15 | 1087.9 |
          Lair |   4973 |   4422 |    551 |    100 |   3640 |   5 |  994.6 |
        Shoals |   3783 |   3625 |    158 |    321 |   2484 |   4 |  945.8 |
   Spider Nest |   5473 |   5282 |    191 |    758 |   3325 |   4 | 1368.2 |
    Slime Pits |   1481 |   1399 |     82 |    416 |    321 |   5 |  296.2 |
  Orcish Mines |   1899 |   1521 |    378 |     59 |   1159 |   2 |  949.5 |
   Elven Halls |   3694 |   3488 |    206 |     56 |   2314 |   3 | 1231.3 |
        Vaults |   4057 |   3693 |    364 |    100 |   2666 |   4 | 1014.2 |
        Depths |   4076 |   3880 |    196 |    263 |   2750 |   4 | 1019.0 |
           Zot |   5934 |   5779 |    155 |   1486 |   2915 |   5 | 1186.8 |
         Abyss |    986 |    986 |      0 |    226 |      0 |   1 |  986.0 |
         Trove |     51 |     51 |      0 |      0 |      0 |   1 |   51.0 |
      Ice Cave |    719 |    719 |      0 |    407 |     15 |   1 |  719.0 |
    Desolation |    882 |    882 |      0 |    133 |    379 |   1 |  882.0 |
               +--------+--------+--------+--------+--------+-----+--------+

Top non-repeatable levels by time:
    D:10: 1975 daAuts
    D:14: 1842 daAuts
   Zot:3: 1735 daAuts
Spider:1: 1701 daAuts
Spider:2: 1482 daAuts
    D:12: 1437 daAuts
   Zot:1: 1411 daAuts
   Orc:2: 1386 daAuts
   Elf:1: 1376 daAuts
Spider:4: 1372 daAuts
    D:11: 1367 daAuts
   Zot:4: 1339 daAuts
Depths:2: 1289 daAuts
Vaults:2: 1271 daAuts
    D:15: 1239 daAuts
